 Dungeon Crawl Stone Soup version 0.28.0 (webtiles) character file.

Game seed: 3394543172190471406

31 HallandMoats the Skirmisher (level 3, 31/31 HPs)
             Began as a Ghoul Fighter on Feb 8, 2022.
             Was a Plaything of Xom.
             Safely got out of the dungeon.
             The game lasted 00:01:24 (1265 turns).

HallandMoats the Skirmisher (Ghoul Fighter)         Turns: 1265, Time: 00:01:24

Health: 31/31      AC:  6    Str: 19    XL:     3   Next: 22%
Magic:  2/2        EV:  9    Int:  5    God:    Xom [..*...]
Gold:   31         SH:  4    Dex:  8    Spells: 2/2 levels left

rFire   . . .      SeeInvis .   a - +0 trident
rCold   + . .      Faith    .   c - +0 buckler
rNeg    + + +      Spirit   .   b - +0 scale mail
rPois   ∞          Reflect  .   (no helmet)
rElec   .          Harm     .   (no cloak)
rCorr   .          Rampage  .   (no gloves)
Will    .....                   (no boots)
Stlth   ..........              (no amulet)
HPRegen 0.10/turn               (no ring)
MPRegen 0.08/turn               (no ring)

@: no status effects
A: claws 1, cold resistance 1, negative energy resistance 3, inhibited
regeneration, torment resistance 2
a: Renounce Religion


You escaped.
You worshipped Xom.
You were a toy of Xom.
You visited 1 branch of the dungeon, and saw 2 of its levels.

You collected 31 gold pieces.

Inventory:

Hand Weapons
 a - a +0 trident (weapon)
Armour
 b - a +0 scale mail (worn)
 c - a +0 buckler (worn)
Scrolls
 f - a scroll of amnesia {unknown}
 g - a scroll of magic mapping {unknown}
 i - 2 scrolls of identify {unknown}
Potions
 d - a potion of might
 e - a potion of mutation {unknown}
 h - 2 potions of lignification {unknown}


   Skills:
 * Level 3.6 Fighting
 * Level 2.1 Polearms
 + Level 2.8 Armour
 + Level 0.3 Dodging
 + Level 2.8 Shields
 * Level 1.3 Invocations


You had 2 spell levels left.
You didn't know any spells.
Your spell library contained the following spells:

 Spells                   Type           Power      Damage    Failure   Level
 Animate Armour           Summ/Erth      0%         N/A       100%        4
 Iron Shot                Conj/Erth      0%         9d1       100%        6
 Blade Hands              Tmut           Unusable   N/A       N/A         5

Dungeon Overview and Level Annotations

Branches:
Dungeon (2/15)

Altars:
Xom


Innate Abilities, Weirdness & Mutations

You thrive by killing the living.
You are immune to poison.
You have sharp fingernails.
Your flesh is cold resistant. (rC+)
You are immune to negative energy. (rN+++)
You do not regenerate when monsters are visible.
You are immune to unholy pain and torment.


Message History

No target in view!
No target in view!
No target in view!
No target in view!
No target in view!
No target in view!
No target in view!
No target in view!
No target in view!
No target in view!
No target in view!
No target in view!
No target in view!
No target in view!
No target in view!
No target in view!
No target in view!
No target in view!
No target in view!
No target in view!
The bat closely misses you.
A bat is nearby!
A bat is nearby!
A bat is nearby!
A bat is nearby!
A bat is nearby!
You hit the bat.
You kill the bat!
No target in view!
No target in view!
No target in view!
No target in view!
(D) Dungeon
Where to? (Enter - D:1 @ (x,y), ? - help)
There is a stone staircase leading up here.
You climb upwards.
There is a stone staircase leading down here.
There is a staircase leading out of the dungeon here.
Are you sure you want to leave the Dungeon?
This will make you lose the game!
You have escaped!

####..##########.###########.....
#..#..#.............#..#..##.#
#..#.#...............#.#.###..
#..##.......#.#.......##.###.#
#####.#......#.#.#.#......#.##..#
...##.#.....##.#.#.##.....#.##..#
....#.#.......⌠#.#⌠.......#.....#
....÷)#..#######.#######..#.###.#
................@...........###.#
......#..#######.#######..#.##...
......#.......⌠#.#⌠.......#.##...
......#.....##.#.#.##.....#.##...
....###......#.#.#.#......#......
...## ##.......#.#.......#####...
#### #.#...............#.# #...
#..#..(..........#..# #...
##########.########## #...


There were no monsters in sight!

Vanquished Creatures
  2 ball pythons (D:1)
  An endoplasm (D:1)
  2 giant cockroaches (D:1)
  3 goblins
  5 hobgoblins (D:1)
  2 jackals (D:1)
  4 kobolds
  A quokka (D:1)
  5 bats
  A frilled lizard (D:1)
  A rat (D:1)
27 creatures vanquished.

Vanquished Creatures (others)
  A fungus (D:2)
  A plant (D:2)
2 creatures vanquished.

Grand Total: 29 creatures vanquished

Notes
Turn   | Place    | Note
-------+----------+-------------------------------------------
     0 | D:1      | HallandMoats the Ghoul Fighter began the quest for the Orb.
     0 | D:1      | Reached XP level 1. HP: 19/19 MP: 0/0
   313 | D:1      | Reached XP level 2. HP: 26/26 MP: 1/1
   352 | D:1      | Reached skill level 1 in Invocations
   809 | D:1      | Reached XP level 3. HP: 31/31 MP: 2/2
  1165 | D:2      | Found a faded altar of an unknown god.
  1208 | D:2      | Prayed at the altar of an unknown god.
  1208 | D:2      | Became a worshipper of Xom of Chaos
  1265 | D:$      | Safely got out of the dungeon.

Illustrated notes

Levels and vault maps discovered:
D:1:      matt_arrival_grand_opening, layout_rooms, minmay_misc_feat_room,
          minmay_heptomino_w4
D:2:      layout_rooms, shapermc_ecumenical_altar_mp_urbaneastern,
          roderic_serpentine_path, uniq_robin

Skill      XL: |  1  2 |
---------------+-------+-----
Polearms       | 2 |  2.1
Invocations    | 1 |  1.3
Fighting       | |  3.6
Armour         | |  2.8
Dodging        | |  0.3
Shields        | |  2.8

Action                   || total
-------------------------++-------
Melee: Trident           ||   118
Armor: Scale mail        ||    43
Dodge: Dodged            ||    52
Block: Buckler           ||    23
